 Seeded DCSS version 0.28-a0-1356-g2ad6d04315 (webtiles) character file.

Game seed: 12130800008223909736 (custom seed)

97 croobank the Sneak (level 4, -7/27 HPs)
             Began as an Octopode Earth Elementalist on Dec 30, 2021.
             Mangled by Duvessa (11 damage)
             ... on level 4 of the Dungeon.
             The game lasted 00:10:40 (3228 turns).

croobank the Sneak (Octopode Earth Elementalist)    Turns: 3228, Time: 00:10:41

Health: -7/27      AC:  1    Str:  9    XL:     4   Next: 68%
Magic:  7/7        EV: 10    Int: 17    God:
Gold:   78         SH: 10    Dex: 12    Spells: 6/7 levels left

rFire   + . .      SeeInvis .   i - +0 trident
rCold   + . .      Faith    .   m - +3 kite shield {rC+ rF+}
rNeg    . . .      Spirit   .   (helmet restricted)
rPois   .          Reflect  .   (no amulet)
rElec   .          Harm     .   d - ring of wizardry
rCorr   .          Rampage  .   (no ring)
Will    .....                   (no ring)
Stlth   +++.......              (no ring)
HPRegen 0.09/turn               (no ring)
MPRegen 0.10/turn               (no ring)
                                (no ring)
                                (no ring)

@: mighty, about to teleport
A: almost no armour, amphibious, 8 rings, camouflage 1, gelatinous body 1,
(nimble swimmer 1), tentacles
a: no special abilities


You were on level 4 of the Dungeon.
You visited 1 branch of the dungeon, and saw 4 of its levels.

You collected 101 gold pieces.
You spent 23 gold pieces at shops.

Inventory:

Hand Weapons
 i - a +0 trident (weapon)
Missiles
 a - 11 arrows
 b - 48 stones
 c - 18 bolts
 e - 38 poisoned darts
Armour
 k - an orb of energy
 m - a +3 kite shield of resistance (worn)
Magical Staves
 j - a staff of earth
Jewellery
 d - a ring of wizardry (left tentacle)
Scrolls
 l - a scroll of identify {identify, unknown}
Potions
 g - 3 potions of curing {curing, unknown}


   Skills:
 - Level 2.5 Dodging
 - Level 3.6 Stealth
 + Level 1.8 Shields
 - Level 2.4 Spellcasting
 - Level 1.8 Transmutations
 - Level 3.3 Earth Magic


You had 6 spell levels left.
You knew the following spells:

 Your Spells              Type           Power      Damage    Failure   Level
a - Sandblast             Erth           26%        2d8       11%         1

Your spell library contained the following spells:

 Spells                   Type           Power      Damage    Failure   Level
 Passwall                 Tmut/Erth      8%         N/A       21%         2
 Stone Arrow              Conj/Erth      14%        3d7       50%         3
 Petrify                  Tmut/Erth      10%        N/A       77%         4


Dungeon Overview and Level Annotations

Branches:
Dungeon (4/15)
 Temple: D:4-7

Altars:

Shops:
D:1 *   D:2 =   D:3 !

Annotations:
D:3 Sigmund
D:4 Dowan, Duvessa


Innate Abilities, Weirdness & Mutations

You cannot wear most types of armour.
You are amphibious.
You can wear up to eight rings at the same time.
Your skin changes colour to match your surroundings (Stealth+).
Your rubbery body absorbs attacks. (AC +1, EV +1)
((You are camouflaged when in or above water. (Stealth+)))
You have tentacles for arms and can constrict up to eight enemies at once.


Message History

You now have 78 gold pieces (gained 7).
You open the door.
Duvessa and Dowan come into view.
Duvessa is wielding a +2 vampiric rapier.
Duvessa shouts!
There is an open door here.
Dowan shouts!
You feel very mighty all of a sudden.
Duvessa hits you with a +2 vampiric rapier!
Dowan smirks and points a slender finger.
You barely miss Duvessa. You grab Duvessa.
You constrict Duvessa, but do no damage.
Duvessa barely misses you.
You hit Duvessa.
Duvessa is lightly wounded.
You constrict Duvessa. You block Duvessa's attack. x2
You hit Duvessa.
Duvessa is moderately wounded.
You constrict Duvessa. You block Duvessa's attack. x2
You puncture Duvessa!
Duvessa is heavily wounded.
You constrict Duvessa. Duvessa closely misses you.
You hit Duvessa.
Duvessa is heavily wounded.
You constrict Duvessa. You block Duvessa's attack.
Dowan says, "My weaknesses are her strengths!"
Dowan gestures wildly while chanting.
Dowan blinks!
Duvessa misses you. Dowan hits you with a +0 dagger.
You hit Duvessa.
Duvessa is severely wounded.
You constrict Duvessa.
Duvessa hits you with a +2 vampiric rapier!
* * * LOW HITPOINT WARNING * * *
Dowan closely misses you.
As you read the scroll labelled NOICHOSEAH {teleport}, it crumbles to dust.
You feel strangely unstable.
It was a scroll of teleportation {teleport}.
You constrict Duvessa, but do no damage.
Duvessa hits you with a +2 vampiric rapier!
You die...

### #.####.#
#...e@e#
#######'####
#..........#
#..........#
#..(.......#
#..........#
#....>.....#
#..........#
#.<........#


You could see Duvessa and Dowan.

Vanquished Creatures
  Ijyb (D:3)
  2 adders (D:2)
  A worm (D:3)
  A dart slug (D:1)
  4 endoplasms
  4 giant cockroaches
  2 goblins
  5 hobgoblins
  5 quokkas
  6 ball pythons
  5 bats (D:1)
  3 frilled lizards (D:1)
  2 kobolds (D:1)
  5 rats
46 creatures vanquished.

Vanquished Creatures (others)
  4 plants (D:2)
4 creatures vanquished.

Grand Total: 50 creatures vanquished

Notes
Turn   | Place    | Note
-------+----------+-------------------------------------------
     0 | D:1      | croobank the Octopode Earth Elementalist began the quest
                  | for the Orb.
     0 | D:1      | Reached XP level 1. HP: 11/11 MP: 3/3
   213 | D:1      | Reached XP level 2. HP: 17/17 MP: 3/5
   948 | D:1      | Found Wisoshren's General Store.
  1088 | D:1      | Bought 21 stones for 23 gold pieces
  1236 | D:1      | Reached XP level 3. HP: 21/21 MP: 6/6
  1425 | D:2      | Found a faded altar of an unknown god.
  1450 | D:2      | Found Tueluf's Jewellery Shoppe.
  2211 | D:2      | Reached XP level 4. HP: 12/27 MP: 2/7
  2882 | D:3      | Found Couciofe's Distillery.
  3011 | D:3      | Noticed Ijyb
  3026 | D:3      | Killed Ijyb
  3027 | D:3      | Reached skill level 1 in Shields
  3205 | D:3      | Noticed Sigmund
  3219 | D:4      | Noticed Duvessa
  3219 | D:4      | Noticed Dowan
  3228 | D:4      | Mangled by Duvessa

Illustrated notes

Levels and vault maps discovered:
D:1:      grunt_arrival_crossed_arrows, layout_loops_ring, serial_shops, shop,
          chequers_serial_rivers_micro_b
D:2:      layout_basic, serial_shops, shop,
          shapermc_ecumenical_altar_mp_urbaneastern
D:3:      layout_loops_cross, serial_shops, shop_statue, uniq_ijyb, uniq_sigmund
D:4:      layout_basic, lemuel_temple_firewalk_a, ebering_ghost_reflecting_pool,
          uniq_eustachio, uniq_duvessa

Skill      XL: |  1  2  3  4 |
---------------+-------------+-----
Stealth        | 3 |  3.6
Shields        | 1 |  1.8
Dodging        | |  2.5
Spellcasting   | |  2.4
Transmutations | |  1.8
Earth Magic    | |  3.3

Action                   |  1- 3 |  4- 6 || total
-------------------------+-------+-------++-------
Melee: Unarmed           |    33 |       ||    33
       Tentacles         |     9 |     1 ||    10
       Spear             |    17 |       ||    17
       Constrict         |    11 |     9 ||    20
       Trident           |     9 |    15 ||    24
       Staff             |     9 |    15 ||    24
 Cast: Sandblast         |    24 |     1 ||    25
  Use: Scroll            |     1 |     3 ||     4
       Potion            |       |     2 ||     2
 Stab: Sleeping          |    11 |     9 ||    20
Armor: Skin              |    11 |       ||    11
Dodge: Dodged            |    59 |    12 ||    71
Block: Kite shield       |       |    15 ||    15

Table legend: (Time is in decaauts)
 A = Elapsed time spent in this place.
 B = Non-inter-level travel time spent in this place.
 C = Inter-level travel time spent in this place.
 D = Time resting spent in this place.
 E = Time spent auto-exploring this place.
 F = Levels seen in this place.
 G = Mean time per level.
                   A        B        C        D        E       F      G
               +--------+--------+--------+--------+--------+-----+--------+
         Total |   3248 |   3221 |     27 |   1310 |   1291 |   4 |  812.0 |
       Dungeon |   3248 |   3221 |     27 |   1310 |   1291 |   4 |  812.0 |
               +--------+--------+--------+--------+--------+-----+--------+

Top non-repeatable levels by time:
     D:1: 1310 daAuts
     D:2: 1285 daAuts
     D:3: 628 daAuts
     D:4: 24 daAuts
